 Dungeon Crawl Stone Soup version 0.27.1-34-g3ba077fa99 (webtiles) character file.

Game seed: 9831176790326353496

181 Nixze the Magician (level 5, -3/40 HPs)
             Began as a Djinni Hedge Wizard on Jan 1, 2022.
             Slain by a water moccasin skeleton (5 damage)
             ... on level 3 of the Dungeon.
             The game lasted 00:11:48 (4706 turns).

Nixze the Magician (Djinni Hedge Wizard)            Turns: 4706, Time: 00:11:48

Health: -3/40      AC:  2    Str:  9    XL:     5   Next: 92%
Gold:   20         EV: 13    Int: 17    God:
                   SH:  0    Dex: 18

rFire    + + .     SeeInvis .   o - +0 dagger (venom)
rCold    x . .     Faith    .   (no shield)
rNeg     . . .     Spirit   .   b - +0 robe
rPois    ∞         Reflect  .   c - +0 hat
rElec    .         Harm     .   (no cloak)
rCorr    .         Rampage  .   (no gloves)
Will     .....                  (boots unavailable)
Stlth    ++........             (no amulet)
HPRegen  0.13/turn              l - +6 ring of dexterity
MPRegen  0.00/turn              (no ring)

@: mighty, about to teleport, flying
A: sickness immunity, fire resistance 2, cold vulnerability 1, float, innate
caster, hp casting, extra vitality 1
a: no special abilities


You were on level 3 of the Dungeon.
You visited 1 branch of the dungeon, and saw 3 of its levels.

You collected 62 gold pieces.
You spent 42 gold pieces at shops.

Inventory:

Hand Weapons
 o - a +0 dagger of venom (weapon)
 q - a +1 hand axe of electrocution
Missiles
 j - 13 poisoned darts (quivered)
 n - a throwing net
Armour
 b - a +0 robe (worn)
 c - a +0 hat (worn)
Jewellery
 l - a +6 ring of dexterity (left hand)
Wands
 a - a wand of digging (6)
Scrolls
 g - a scroll of teleportation
 h - a scroll of summoning {unknown}
 i - 2 scrolls of identify {unknown}
 k - a scroll of enchant armour {unknown}
 p - a scroll of fog {unknown}
Potions
 d - a potion of ambrosia {unknown}
 e - a potion of flight {unknown}
 f - a potion of might


   Skills:
 - Level 3.0 Fighting
 - Level 3.0 Dodging
 - Level 2.0 Stealth
 + Level 3.5 Spellcasting


You couldn't memorise any spells.
You knew the following spells:

 Your Spells              Type           Power      Damage    Failure   Level
a - Magic Dart            Conj           60%        1d6       3%          1
b - Blink                 Tloc           N/A        N/A       6%          2
c - Call Imp              Summ           15%        N/A       6%          2
d - Slow                  Hex            15%        N/A       6%          2
e - Conjure Flame         Conj/Fire      15%        6-21      12%         3
f - Mephitic Cloud        Conj/Pois/Air  15%        N/A       12%         3
g - Freeze                Ice            60%        1d8       3%          1
h - Corpse Rot            Necr/Air       N/A        N/A       6%          2
Your spell library was empty.

Dungeon Overview and Level Annotations

Branches:
Dungeon (3/15)

Altars:
Cheibriados
Wu Jian

Shops:
D:2 !


Innate Abilities, Weirdness & Mutations

You are immune to sickness and miasma.
You are immune to poison.
Your flesh is very heat resistant. (rF++)
You are vulnerable to cold. (rC-)
You float through the air rather than walking.
You learn spells naturally, not from books.
Your magical power is your life essence.
You have superior vitality. (+4 HP)


Message History

Aim: a gnoll, wielding a +0 club (moderately wounded, 100% to hit)
The magic dart hits the gnoll.
The gnoll is heavily wounded.
Casting: Magic Dart (safe; 3% risk of failure)
Confirm with . or Enter, or press ? or * to list all spells.
Aiming: Magic Dart (safe; 3% risk of failure)
Press: ? - help, Shift-Dir - straight line, f/p - gnoll
Aim: a gnoll, wielding a +0 club (heavily wounded, 100% to hit)
The magic dart hits the gnoll.
The gnoll is heavily wounded.
You closely miss the water moccasin skeleton.
The water moccasin skeleton is lightly damaged.
The water moccasin skeleton bites you.
* * * LOW HITPOINT WARNING * * *
The gnoll hits the plant with a +0 club!
The plant begins to die.
The water moccasin skeleton bites you!
* * * LOW HITPOINT WARNING * * *
You feel better.
The water moccasin skeleton barely misses you.
It was a potion of might.
You feel very mighty all of a sudden.
The water moccasin skeleton closely misses you.
You hit the water moccasin skeleton.
The water moccasin skeleton is lightly damaged.
A nearby plant withers and dies.
The water moccasin skeleton bites you.
* * * LOW HITPOINT WARNING * * *
The water moccasin skeleton completely misses you.
The water moccasin skeleton bites you.
* * * LOW HITPOINT WARNING * * *
The water moccasin skeleton misses you. The water moccasin skeleton bites you.
* * * LOW HITPOINT WARNING * * *
The water moccasin skeleton bites you but does no damage.
The water moccasin skeleton closely misses you.
Okay, then.
As you read the scroll labelled METODI WAGHEID, it crumbles to dust.
You feel strangely unstable.
It was a scroll of teleportation.
The water moccasin skeleton bites you.
You die...

............#...............♣ #
####.####....................
###. #.##......................
P...####.#.......................
P........♣≈≈.....................
≈P......≈♣≈♣≈....................
≈P.....P≈≈P≈♣♣♣..............##.#
≈...≈♣≈P≈≈P≈P♣P.............####
. #≈≈≈[≈≈♣≈≈P≈@..............#.
##≈≈≈≈≈†P≈≈PZ♣#.............#.
#P♣≈≈≈♣≈≈≈≈≈≈≈#...##........#.
..♣≈≈≈≈≈≈≈≈≈≈♣≈######........##
...≈♣≈P≈≈≈≈≈P≈≈♣............)..#
!...♣≈≈≈≈≈≈≈≈♣P≈≈♣.............).
...♣♣≈P≈≈≈≈≈≈≈≈≈≈♣...............
..♣≈≈♣≈≈≈≈≈≈≈≈≈♣♣......)........
≈≈≈≈≈≈≈≈≈≈≈≈≈≈≈####..≈.≈≈≈≈≈.≈


You could see a water moccasin skeleton.

Vanquished Creatures
  Terence (D:3)
  Ijyb (D:3)
  6 gnolls
  2 worms (D:2)
  2 dart slugs (D:2)
  2 orcs (D:3)
  6 endoplasms
  4 hobgoblins
  10 jackals
  5 kobolds
  A quokka (D:1)
  7 ball pythons
  5 bats
  4 frilled lizards
  6 rats
62 creatures vanquished.

Vanquished Creatures (others)
  A fungus (D:2)
  16 plants (D:3)
17 creatures vanquished.

Grand Total: 79 creatures vanquished

Notes
Turn   | Place    | Note
-------+----------+-------------------------------------------
     0 | D:1      | Nixze the Djinni Hedge Wizard began the quest for the Orb.
     0 | D:1      | Reached XP level 1. HP: 15/15 MP: 0/0
   280 | D:1      | Reached XP level 2. HP: 18/21 MP: 0/0
   963 | D:1      | Reached XP level 3. HP: 7/26 MP: 0/0
   963 | D:1      | Learned a level 1 spell: Freeze
  1431 | D:2      | Found an ornate altar of the Wu Jian Council.
  1439 | D:2      | Reached skill level 1 in Fighting
  1556 | D:2      | Found a faded altar of an unknown god.
  1895 | D:2      | Reached XP level 4. HP: 5/34 MP: 0/0
  3095 | D:2      | Found Adwus's Distillery.
  3109 | D:2      | Bought a potion of curing for 42 gold pieces
  3675 | D:3      | Noticed Ijyb
  3693 | D:3      | Killed Ijyb
  3694 | D:3      | Reached XP level 5. HP: 15/40 MP: 0/0
  3694 | D:3      | Learned a level 2 spell: Corpse Rot
  4192 | D:3      | Noticed Terence
  4204 | D:3      | Found a snail-covered altar of Cheibriados.
  4209 | D:3      | Killed Terence
  4693 | D:3      | HP: 2/40 [water moccasin skeleton (7)]
  4698 | D:3      | HP: 2/40 [water moccasin skeleton (2)]
  4706 | D:3      | Slain by a water moccasin skeleton

Illustrated notes

Levels and vault maps discovered:
D:1:      nzn_arrival_depleted_hourglass, layout_rooms, grunt_decor_arrowhead
D:2:      layout_basic, basic_altar, serial_shops, shop,
          shapermc_ecumenical_altar_rom_forum, hex_large
D:3:      layout_basic, mainiacjoe_overflow_cross_hatched, serial_bayou,
          serial_bayou_pond_c, serial_bayou_crossing, serial_bayou_pond_a,
          serial_bayou_lake_a, chequers_big_river, kennysheep_doodads,
          st_stairs_8, grunt_ministairs_7, uniq_ijyb, uniq_terence

Skill      XL: |  1  2  3  4  5 |
---------------+----------------+-----
Stealth        | 2 |  2.0
Fighting       | 2 3 |  3.0
Dodging        | 3 |  3.0
Spellcasting   | 3 |  3.5

Action                   |  1- 3 |  4- 6 || total
-------------------------+-------+-------++-------
Melee: Dagger            |       |    12 ||    12
Throw: Dart              |       |     2 ||     2
 Cast: Magic Dart        |    72 |   131 ||   203
       Freeze            |    11 |     3 ||    14
       Mephitic Cloud    |       |     5 ||     5
  Use: Potion            |       |     2 ||     2
       Scroll            |       |     1 ||     1
 Stab: Confused          |       |     2 ||     2
Armor: Robe              |       |     3 ||     3
Dodge: Dodged            |    12 |    37 ||    49
